 Dungeon Crawl Stone Soup version 0.30.1-4-g462c640d31 (webtiles) character file.

Game seed: 3015813949089028032

1425 Peloso the Slasher (level 8, -3/105 HPs)
             Began as a Minotaur Fighter on Aug 17, 2023.
             Was a Follower of Okawaru.
             Slain by Duvessa
             ... wielding a +0 short sword
              (9 damage)
             ... on level 6 of the Dungeon.
             The game lasted 00:11:21 (4532 turns).

Peloso the Slasher (Minotaur Fighter)               Turns: 4532, Time: 00:11:21

Health: -3/105     AC: 24    Str: 20    XL:     8   Next: 44%
Magic:  4/7        EV:  2    Int:  5    God:    Okawaru [*.....]
Gold:   91         SH: 10    Dex: 13    Spells: 7/7 levels left

rFire   . . .        a - +0 long sword
rCold   . . .        d - +0 buckler
rNeg    . . .        c - melded +2 chain mail {rN+}
rPois   +            (helmet currently unavailable)
rElec   .            (cloak currently unavailable)
rCorr   .            v - melded +0 pair of gloves of an ice cave {rElec Regen+}
SInv    .            (boots currently unavailable)
Will    .....        o - amulet of reflection
Stlth   +            (no ring)
HPRegen 0.37/turn    (no ring)
MPRegen 0.10/turn

%: reflection
@: lit by a corona, tree-form, glowing
A: stationary, stasis, torment immunity, boosted hp, (horns 2), (retaliatory
headbutt), MP-powered wands
a: Renounce Religion, Heroism


You were on level 6 of the Dungeon.
You worshipped Okawaru.
Okawaru was aware of your devotion.
You were a tree.
You visited 2 branches of the dungeon, and saw 7 of its levels.
You also visited: Sewer.

You collected 271 gold pieces.
You spent 180 gold pieces at shops.

Inventory:

Hand Weapons
 a - a +0 long sword (weapon)
Missiles
 k - a throwing net (quivered)
Armour
 b - a +0 scale mail
 c - a +2 chain mail of positive energy (melded)
 d - a +0 buckler (worn)
 v - the +0 pair of gloves of an ice cave (melded) {rElec Regen+}
   (You bought it in a shop on level 2 of the Dungeon)

   rElec:     It insulates you from electricity.
   Regen:     It increases your rate of health regeneration.
Jewellery
 h - a ring of magical power
 n - a +6 ring of intelligence
 o - an amulet of reflection (around neck)
Wands
 l - a wand of mindburst (21)
 x - a wand of quicksilver (5)
Scrolls
 e - a scroll of enchant weapon
 g - 2 scrolls of fog
 i - 2 scrolls of poison
 m - 2 scrolls of teleportation
 p - a scroll of magic mapping {unknown}
 q - 2 scrolls of amnesia
 r - a scroll of blinking {unknown}
 t - a scroll of torment {unknown}
 u - a scroll of immolation {unknown}
Potions
 f - 4 potions of invisibility
 j - a potion of resistance
 w - a potion of flight


   Skills:
 + Level 6.2 Fighting
 + Level 7.7 Long Blades
 + Level 6.8 Armour
 + Level 2.5 Dodging
 + Level 0.3 Stealth
 + Level 6.7 Shields


You had 7 spell levels left.
You didn't know any spells.
Your spell library contained the following spells:

 Spells                   Type           Power      Damage    Failure   Level
 Foxfire                  Conj/Fire      0%         2x1d4     54%         1


Dungeon Overview and Level Annotations

Branches:
Dungeon (6/15)             Temple (1/1) D:4           Sewer (visited)

Altars:
Ashenzari
Cheibriados
Dithmenos
Gozag
Kikubaaqudgha
Makhleb
Nemelex Xobeh
Okawaru
Ru
Sif Muna
Trog
Uskayaw
Vehumet
Yredelemnul

Shops:
D:2 [   D:5 :?

Annotations:
D:6 Dowan, Duvessa, Eustachio


Innate Abilities, Weirdness & Mutations

You are a tree.
Your roots penetrate the ground, keeping you stationary.
You cannot be teleported.
You are immune to unholy pain and torment.
Your maximum health is greatly increased.
Your equipment is partially melded.
((You have a pair of horns on your head.))
((You reflexively headbutt those who attack you in melee.))
You expend magic power (3 MP) to strengthen your wands.


Message History

Your +0 long sword unmelds from your body.
The +0 pair of gloves of an ice cave {rElec Regen+} unmelds from your body.
Your +0 buckler unmelds from your body.
Your +2 chain mail of positive energy unmelds from your body.
Your amulet of reflection unmelds from your body.
You feel more protected from negative energy.
You feel a shielding aura gather around you.
You block Duvessa's attack. Duvessa attacks as you move away!
You block Duvessa's attack.
Found a scroll labelled MABEYCWI QOFFY.
Duvessa says, "My weaknesses are his strengths!"
Duvessa zaps a wand.
You turn into a tree.
The +0 pair of gloves of an ice cave {rElec Regen+} melds into your body.
Your +2 chain mail of positive energy melds into your body.
You feel less protected from negative energy.
Your roots penetrate the ground.
You hit Duvessa but do no damage. You block Duvessa's attack.
Duvessa hits you with a +0 short sword!
* * * LOW HITPOINT WARNING * * *
Unknown command.
Okay, then.
Aiming: Mindburst
Press: ? - help, Shift-Dir - straight line, f - Duvessa
Aim: Duvessa, wielding a +0 short sword, wearing a +0 scale mail and carrying a wand of polymorph (11) (fast, chance to affect: 54%)
Okay, then.
Aiming: Quicksilver Bolt
Press: ? - help, Shift-Dir - straight line, f - Duvessa
Aim: Duvessa, wielding a +0 short sword, wearing a +0 scale mail and carrying a wand of polymorph (11) (fast, 79% to hit)
You feel a surge of power!
The bolt of dispelling energy hits Duvessa!
Duvessa is moderately wounded.
Duvessa's magical effects unravel!
The bolt of dispelling energy hits the river rat!
You kill the river rat!
The river rat's corpse disappears in a puff of smoke!
The bolt of dispelling energy hits the river rat!!
You kill the river rat!
The river rat's corpse disappears in a puff of smoke!
Duvessa hits you with a +0 short sword!
You die...

..##+# #..#...##
#$#.......## ##
###........## #.##
............####...##.#
...........g§e♣.......
#.........####....###
#.......## #...#
##.[...## .?.# ##..5##
.... ##'## .#### #@# #
####.## ##...@5####


You could see Duvessa and a gnoll sergeant.

Vanquished Creatures
  A wraith (D:6)
  2 water moccasins (D:5)
  A sky beast (D:6)
  A black bear (D:5)
  An ogre (D:5)
  A phantom (D:4)
  2 kobold brigands (Sewer)
  2 scorpions (D:5)
  A hound (D:5)
  2 orc priests (D:4)
  A sleepcap (D:5)
  Ijyb (D:4)
  An iguana (D:5)
  An orc wizard (D:3)
  7 gnolls
  A river rat (Sewer)
  8 adders
  6 worms
  A dart slug (D:3)
  16 orcs
  8 endoplasms
  4 giant cockroaches
  3 goblins
  8 hobgoblins
  7 jackals
  8 quokkas
  7 ball pythons
  4 bats
  5 frilled lizards
  10 kobolds
  7 rats
128 creatures vanquished.

Vanquished Creatures (others)
  A kobold (Sewer)
1 creature vanquished.

Grand Total: 129 creatures vanquished

Notes
Turn   | Place    | Note
-------+----------+-------------------------------------------
     0 | D:1      | Peloso the Minotaur Fighter began the quest for the Orb.
     0 | D:1      | Reached XP level 1. HP: 19/19 MP: 0/0
   113 | D:1      | Reached XP level 2. HP: 27/27 MP: 1/1
   279 | D:1      | Found a faded altar of an unknown god.
   285 | D:1      | Got Plato's Disquisition on Pyromancy
   689 | D:2      | Found Ephy's Antique Armour Boutique.
   757 | D:2      | Reached XP level 3. HP: 32/33 MP: 2/2
   828 | D:2      | Reached skill level 3 in Long Blades
  1359 | D:3      | Reached XP level 4. HP: 34/40 MP: 3/3
  1585 | D:3      | Found a glowing drain.
  1591 | Sewer    | Entered a sewer
  1609 | Sewer    | Reached skill level 4 in Long Blades
  1650 | Sewer    | Noticed a kobold brigand
  1663 | Sewer    | Killed a kobold brigand
  1664 | Sewer    | Reached XP level 5. HP: 42/47 MP: 4/4
  1667 | Sewer    | Reached skill level 5 in Armour
  2012 | Sewer    | Reached skill level 5 in Long Blades
  2012 | Sewer    | Reached XP level 6. HP: 53/53 MP: 5/5
  2233 | Sewer    | Gained mutation: You expend magic power (3 MP) to
                  | strengthen your wands. [potion of mutation]
  2268 | D:3      | Reached skill level 1 in Dodging
  2579 | D:4      | Noticed Ijyb
  2592 | D:4      | Killed Ijyb
  2687 | D:4      | Reached skill level 5 in Fighting
  3099 | D:4      | Reached skill level 5 in Shields
  3237 | D:4      | Found a staircase to the Ecumenical Temple.
  3246 | Temple   | Entered the Ecumenical Temple
  3278 | Temple   | Became a worshipper of Warmaster Okawaru
  3484 | D:4      | Reached XP level 7. HP: 57/61 MP: 6/6
  3618 | D:2      | Bought a pair of transparent gloves for 180 gold pieces
  3618 | D:2      | Identified the +0 pair of gloves of an ice cave {rElec
                  | Regen+} (You bought it in a shop on level 2 of the Dungeon)
  3683 | D:5      | Entered Level 5 of the Dungeon
  3770 | D:5      | Reached skill level 6 in Long Blades
  3773 | D:5      | Found Weru's Magic Scroll Shoppe.
  3797 | D:5      | Reached * piety under Okawaru
  3837 | D:5      | Found Xeret's Book Shoppe.
  3981 | D:5      | Reached skill level 7 in Long Blades
  3981 | D:5      | Reached XP level 8. HP: 54/70 MP: 7/7
  4490 | D:6      | Noticed Eustachio
  4500 | D:6      | Noticed Duvessa
  4500 | D:6      | Noticed Dowan
  4500 | D:6      | Found the +11 Singing Sword {sonic wave}
  4531 | D:6      | HP: 5/105 [Duvessa/+0 short sword (9)]
  4532 | D:6      | Slain by Duvessa

Illustrated notes

Levels and vault maps discovered:
D:1:      spicycebolla_arrival_clurvy, layout_rooms,
          shapermc_ecumenical_altar_rom_forum, serial_bayou_pond_c, st_stairs_8
D:2:      layout_loops_cross, serial_shops, nicolae_shop_tiny_statue_garden,
          kennysheep_potato
D:3:      layout_basic, gup_sewer_entry_pipe
D:4:      layout_rooms, temple_hall, serial_bayou_lagoon_b, uniq_ijyb
D:5:      layout_cave_pools, serial_shops, nicolae_shop_back_alley_shop,
          nicolae_take_the_stairs
D:6:      layout_loops_corners, sword_in_stone, uniq_duvessa
Temple:   nicolae_temple_ecumenical_triangle

Skill      XL: |  1  2  3  4  5  6  7  8 |
---------------+-------------------------+-----
Armour         | 4 5 6 |  6.8
Fighting       | 4 5 6 |  6.2
Long Blades    | 3 4 5 7 |  7.7
Shields        | 4 5 6 |  6.7
Dodging        | 1 2 |  2.5
Stealth        | |  0.3

Action                     |  1- 3 |  4- 6 |  7- 9 || total
---------------------------+-------+-------+-------++-------
  Melee: Long sword        |    99 |   224 |    93 ||   416
         Headbutt          |     8 |    37 |    20 ||    65
         Unarmed           |       |       |    19 ||    19
  Evoke: Wand              |       |       |     1 ||     1
    Use: Potion            |     4 |     3 |     1 ||     8
         Scroll            |     1 |     2 |     4 ||     7
 Armour: Scale mail        |    14 |       |       ||    14
         Chain mail        |    51 |    79 |    47 ||   177
         Skin              |       |       |    12 ||    12
  Dodge: Dodged            |    37 |    60 |    62 ||   159
  Block: Buckler           |    31 |   131 |    52 ||   214
         Reflection        |     1 |     4 |     1 ||     6
